Map: Orbital Shipyard

Players

llIlIIIIlll

  • Race: Protoss Protoss
  • League: Master

BowmanSX (bowman) - Winner!

  • Race: Protoss Protoss
  • League: Master

VOD

Have the link to the VOD?

Description

Time

  • Played on: Jan. 31, 2016, 6:31 p.m.
  • Length: 7:31
Show
View Real Time Build Order
Export as new Build Order

llIlIIIIlll Protoss 

Build Orders:  

Get SALT Encoding   

  12  0:01  Probe (Chrono Boost)  
  13  0:12  Probe (Chrono Boost)  
  14  0:18  Pylon  
  14  0:24  Probe (Chrono Boost)  
  15  0:36  Probe (Chrono Boost)  
  15  0:41  Gateway  
  16  0:46  Assimilator  
  16  0:47  Probe (Chrono Boost)  
  17  0:55  Assimilator  
  17  0:59  Probe (Chrono Boost)  
  18  1:09  Gateway  
  18  1:10  Probe (Chrono Boost)  
  19  1:20  Probe (Chrono Boost)  
  20  1:28  Cybernetics Core  
  20  1:31  Probe (Chrono Boost)  
  21  1:37  Pylon  
  21  1:41  Probe (Chrono Boost)  
  22  1:52  Probe (Chrono Boost)  
  23  2:06  Warp Gate (Chrono Boost)  
  23  2:07  Stalker x2 (Chrono Boost)  
  27  2:21  Pylon  
  27  2:34  Stalker (Chrono Boost)  
  27  2:36  Stalker (Chrono Boost)  
  31  2:46  Stargate  
  31  3:03  Stalker  
  33  3:05  Stalker  
  33  3:06  Gateway  
  33  3:43  Void Ray (Chrono Boost)  
  33  3:44  Pylon  
  33  3:46  Gateway  
  35  3:53  Pylon  
  35  4:08  Stalker  
  35  4:09  Stalker x2  
  34  4:59  Void Ray (Chrono Boost), Stalker x3  
  32  5:10  Stalker  
  34  5:23  Stalker x3  
  40  5:33  Stalker  
  42  5:46  Stalker  
  42  5:47  Zealot  
  46  5:54  Zealot  
  11  6:36  Stalker x2  
Show
View Real Time Build Order
Export as new Build Order

BowmanSX Protoss - Winner!

Build Orders: Phoenix Opening 

Get SALT Encoding   

  12  0:02  Probe (Chrono Boost)  
  13  0:12  Probe (Chrono Boost)  
  14  0:18  Pylon  
  14  0:23  Probe (Chrono Boost)  
  15  0:36  Probe (Chrono Boost)  
  15  0:41  Assimilator  
  16  0:47  Probe (Chrono Boost)  
  17  0:57  Probe (Chrono Boost)  
  18  1:06  Nexus  
  18  1:09  Probe (Chrono Boost)  
  19  1:19  Gateway  
  19  1:23  Probe (Chrono Boost)  
  20  1:27  Assimilator  
  20  1:33  Probe (Chrono Boost)  
  21  1:41  Pylon  
  21  1:44  Probe (Chrono Boost)  
  22  1:51  Gateway  
  22  1:54  Probe (Chrono Boost)  
  23  2:05  Probe (Chrono Boost)  
  23  2:06  Cybernetics Core  
  25  2:15  Probe (Chrono Boost)  
  25  2:19  Probe (Chrono Boost)  
  26  2:26  Probe (Chrono Boost)  
  26  2:29  Probe (Chrono Boost), Pylon  
  28  2:36  Probe (Chrono Boost)  
  28  2:43  Stalker (Chrono Boost)  
  28  2:44  Stalker (Chrono Boost)  
  32  2:45  Warp Gate (Chrono Boost)  
  32  2:53  Stargate  
  32  2:57  Probe  
  32  2:58  Probe  
  34  3:10  Stalker (Chrono Boost)  
  34  3:11  Stalker (Chrono Boost)  
  38  3:36  Stalker (Chrono Boost), Phoenix  
  38  3:37  Stalker (Chrono Boost)  
  38  3:38  Probe  
  38  3:39  Pylon  
  43  3:53  Probe x2  
  45  4:00  Forge  
  49  4:02  Stalker (Chrono Boost)  
  49  4:03  Stalker (Chrono Boost)  
  49  4:15  Pylon  
  49  4:29  Phoenix  
  46  4:57  Probe  
  46  4:58  Probe  
  46  5:06  Pylon  
  45  5:13  Probe x2, Pylon  
  47  5:15  Assimilator  
  47  5:16  Photon Cannon  
  47  5:18  Photon Cannon, Phoenix (Chrono Boost)  
  49  5:25  Gateway, Probe  
  50  5:29  Probe  
  50  5:33  Zealot x2  
  55  5:37  Probe  
  55  5:42  Mothership Core  
  58  5:51  Stalker x2  
  60  6:13  Zealot  
  60  6:14  Zealot  
  60  6:25  Void Ray  
  58  6:28  Stalker  
  52  6:56  Stalker x2  
  54  7:26  Stalker x2  
  54  7:27  Zealot  
Tags
 
Add a new tag
Caveats
  • Supply blocks, unpowered buildings, or Contaminate may cause inaccurate times.
  • Supply counts are checked every 10 seconds.